 Dungeon Crawl Stone Soup version 0.27-a0-1065-ge809cff456 (webtiles) character file.

Game seed: 10965684460259960100

40 kae the Ruffian (level 3, -2/28 HPs)
             Began as a Draconian Transmuter on Apr 22, 2021.
             Slain by an iguana (3 damage)
             ... on level 2 of the Dungeon.
             The game lasted 00:00:58 (2335 turns).

kae the Ruffian (Draconian Transmuter)              Turns: 2335, Time: 00:00:59

Health: -2/28      AC:  5    Str: 12    XL:     3   Next: 30%
Magic:  6/6        EV: 12    Int: 20    God:
Gold:   104        SH:  0    Dex: 11    Spells: 2/6 levels left

rFire    . . .     SeeInvis .   b - +0 whip
rCold    . . .     Faith    .   (no shield)
rNeg     . . .     Spirit   .   (armour unavailable)
rPois    .         Reflect  .   (helmet restricted)
rElec    .         Harm     .   (no cloak)
rCorr    .         Rampage  .   (no gloves)
Will     .....                  (no boots)
Stlth    +.........             (no amulet)
HPRegen  0.09/turn              d - +6 ring of intelligence
MPRegen  0.10/turn              (no ring)

@: attractive
A: AC +5, unfitting armour, cold-blooded
a: no special abilities


You were on level 2 of the Dungeon.
You visited 1 branch of the dungeon, and saw 3 of its levels.

You collected 104 gold pieces.

Inventory:

Hand Weapons
 b - a +0 whip (weapon)
Jewellery
 d - a +6 ring of intelligence (left hand)
Wands
 g - a wand of charming (6)
Scrolls
 a - 2 scrolls of identify {unknown}
 c - 4 scrolls of teleportation {unknown}
 e - a scroll of fog {unknown}
 h - a scroll of noise {unknown}
Potions
 f - a potion of attraction


   Skills:
 + Level 1.6 Fighting
 + Level 2.0 Dodging
 * Level 3.4 Unarmed Combat
 + Level 2.2 Spellcasting
 * Level 2.6 Transmutations
 * Level 0.0 Poison Magic


You had 2 spell levels left.
You knew the following spells:

 Your Spells              Type           Power      Damage    Failure   Level
a - Beastly Appendage     Tmut           24%        N/A       5%          1
b - Spider Form           Tmut/Pois      3%         N/A       26%         3

Your spell library contained the following spells:

 Spells                   Type           Power      Damage    Failure   Level
 Wereblood                Tmut           12%        N/A       8%          2
 Ice Form                 Ice/Tmut       7%         N/A       65%         4
 Hydra Form               Tmut           6%         N/A       82%         5


Dungeon Overview and Level Annotations

Branches:
Dungeon (3/15)

Altars:

Shops:
D:2 (


Innate Abilities, Weirdness & Mutations

Your plain brown scales are hard. (AC +5)
You cannot fit into any form of body armour.
You are cold-blooded and may be slowed by cold attacks.


Message History

The bat barely misses you. The bat closely misses you.
The iguana barely misses you.
You barely miss the bat. Your kick misses the bat.
Your headbutt misses the bat.
The bat is moderately wounded.
The bat barely misses you. The iguana barely misses you.
You hit the iguana.
The iguana is lightly wounded.
The bat closely misses you. The bat completely misses you.
The iguana bites you!
* * * LOW HITPOINT WARNING * * *
It was a potion of attraction.
You feel attractive to monsters. The bat closely misses you.
The bat hits you but does no damage. The iguana bites you.
* * * LOW HITPOINT WARNING * * *
The bat closely misses you.
The iguana hisses menacingly.
The bat is pulled toward you! The bat barely misses you.
The bat is pulled toward you! The bat barely misses you.
The bat hits you but does no damage.
The iguana hisses menacingly.
The bat is pulled toward you! The iguana is pulled toward you!
Your horns disappear.
Your talons disappear.
The bat hits you but does no damage. The iguana is pulled toward you!
The bat hits you but does no damage. The bat barely misses you.
The iguana is pulled toward you! The bat hits you but does no damage.
The bat barely misses you. The bat is pulled toward you!
The bat hits you but does no damage. The bat closely misses you.
The bat closely misses you. The bat hits you.
* * * LOW HITPOINT WARNING * * *
There is an open door here.
The bat closely misses you. The iguana is pulled toward you!
You hit the bat.
You kill the bat!
The iguana bites you.
You die...

##### ####
################...######...
#.........#....#............
#.........#....#............
#.........#†.............##.
#.........l@.......########.
#.........###....#..........
#.........# #.#######.......
#.........# ###PP._8#......#
#.........# #P.≈####......#
#...##'#######..≈#.#####<###
#...........##.≈##..........
#....#.######P≈P##.......###
####.#.....##≈P###.....#####


You could see an iguana.

Vanquished Creatures
  A worm (D:2)
  2 endoplasms
  3 giant cockroaches
  4 jackals (D:2)
  5 kobolds
  3 quokkas
  4 ball pythons
  3 bats
  A frilled lizard (D:2)
  5 goblins
  7 rats
38 creatures vanquished.

Notes
Turn   | Place    | Note
-------+----------+-------------------------------------------
     0 | D:1      | kae the Draconian Transmuter began the quest for the Orb.
     0 | D:1      | Reached XP level 1. HP: 16/16 MP: 3/3
   308 | D:1      | Reached XP level 2. HP: 1/23 MP: 5/5
  1529 | D:2      | Reached XP level 3. HP: 22/28 MP: 6/6
  1533 | D:2      | Learned a level 3 spell: Spider Form
  1702 | D:2      | Found Eloow's Antique Weapon Shop.
  2274 | D:2      | Found a faded altar of an unknown god.
  2321 | D:2      | HP: 1/28 [iguana (1)]
  2333 | D:2      | HP: 1/28 [bat (1)]
  2335 | D:2      | Slain by an iguana

Illustrated notes

Levels and vault maps discovered:
D:1:      shiori_arrival_elements, layout_loops_ring, serial_rivers,
          chequers_serial_rivers_micro_e, chequers_serial_rivers_room_a,
          chequers_serial_rivers_small_3, chequers_serial_rivers_micro_b,
          chequers_serial_rivers_small_a
D:2:      layout_basic, shapermc_ecumenical_altar_hornbeckon, serial_shops,
          nicolae_shop_stone
D:3:      minmay_inner_zag, layout_loops_corners, serial_shops, shop,
          kennysheep_potato

Skill      XL: |  1  2 |
---------------+-------+-----
Dodging        | 2 |  2.0
Fighting       | |  1.6
Unarmed Combat | |  3.4
Spellcasting   | |  2.2
Transmutations | |  2.6

Action                   || total
-------------------------++-------
Melee: Unarmed           ||    20
       Tailslap          ||    16
       Kick              ||    15
       Headbutt          ||    10
       Punch             ||     3
       Whip              ||    91
 Cast: Beastly Appendage ||    24
  Use: Potion            ||     1
 Stab: Sleeping          ||     1
Armor: Skin              ||    38
Dodge: Dodged            ||   100

Table legend: (Time is in decaauts)
 A = Elapsed time spent in this place.
 B = Non-inter-level travel time spent in this place.
 C = Inter-level travel time spent in this place.
 D = Time resting spent in this place.
 E = Time spent auto-exploring this place.
 F = Levels seen in this place.
 G = Mean time per level.
                   A        B        C        D        E       F      G
               +--------+--------+--------+--------+--------+-----+--------+
         Total |   2356 |   2288 |     68 |      0 |   2000 |   3 |  785.3 |
       Dungeon |   2356 |   2288 |     68 |      0 |   2000 |   3 |  785.3 |
               +--------+--------+--------+--------+--------+-----+--------+

Top non-repeatable levels by time:
     D:1: 1332 daAuts
     D:2: 1020 daAuts
     D:3: 3 daAuts
